 Dungeon Crawl Stone Soup version 0.29-a0-902-g0f71de6fce (webtiles) character file.

Game seed: 6129679364276861089

830 Querens the Shield-Bearer (level 8, 0/103 HPs)
             Began as a Meteoran Fighter on July 24, 2022.
             Was an Initiate of Makhleb.
             Slain by a gnoll bouda
             ... wielding a +0 whip
              (1 damage)
             ... on level 6 of the Dungeon.
             The game lasted 00:12:13 (3143 turns).

Querens the Shield-Bearer (Meteoran Fighter)        Turns: 3143, Time: 00:12:14

Health: 0/103      AC: 11    Str: 19    XL:     8   Next: 41%
Magic:  11/11      EV:  7    Int:  9    God:    Makhleb [......]
Gold:   424        SH:  6    Dex: 15    Spells: 7/7 levels left

rFire   . . .      SeeInvis .   a - +0 war axe
rCold   . . .      Faith    .   c - +0 buckler
rNeg    . . .      Spirit   .   y - +0 chain mail
rPois   .          Reflect  .   (no helmet)
rElec   .          Harm     .   (no cloak)
rCorr   +          Rampage  .   r - +0 pair of gloves
Will    +....                   (no boots)
Stlth   ..........              (no amulet)
HPRegen 0.27/turn               g - ring of resist corrosion
MPRegen 0.12/turn               (no ring)

@: berserking, about to teleport, glowing, very quick
A: sense surroundings 1, otherworldly, glowing, explore regen
a: Renounce Religion


You were on level 6 of the Dungeon.
You worshipped Makhleb.
Makhleb was noncommittal.
You visited 2 branches of the dungeon, and saw 7 of its levels.

You collected 424 gold pieces.

Inventory:

Hand Weapons
 a - a +0 war axe (weapon)
 b - the +1 mace of Ovoy {flame, rC+}
   (You found it on level 5 of the Dungeon)

   It burns those it strikes, dealing additional fire damage.
   rC:        It protects you from cold.
Armour
 c - a +0 buckler (worn)
 r - a +0 pair of gloves (worn)
 y - a +0 chain mail (worn)
Jewellery
 g - a ring of resist corrosion (left hand)
Scrolls
 e - a scroll of vulnerability {unknown}
 f - 2 scrolls of identify
 h - a scroll of magic mapping {unknown}
 i - a scroll of summoning {unknown}
 j - a scroll of immolation {unknown}
 l - a scroll of poison {unknown}
 m - a scroll of amnesia {unknown}
 q - a scroll of torment {unknown}
 u - a scroll of acquirement {unknown}
 w - a scroll of fear {unknown}
 A - a scroll of enchant armour {unknown}
Potions
 d - a potion of might
 k - a potion of attraction {unknown}
 n - a potion of magic {unknown}
 o - a potion of ambrosia {unknown}
 p - 2 potions of degeneration {unknown}
 t - a potion of resistance {unknown}
 v - a potion of berserk rage
 x - a potion of curing {unknown}
 z - a potion of heal wounds {unknown}


   Skills:
 + Level 5.6 Fighting
 + Level 5.4 Axes
 + Level 6.1 Armour
 + Level 6.1 Shields
 + Level 3.0 Invocations


You had 7 spell levels left.
You didn't know any spells.
Your spell library contained the following spells:

 Spells                   Type           Power      Damage    Failure   Level
 Gell's Gravitas          Tloc           0%         N/A       100%        3
 Fulminant Prism          Conj/Hex       0%         3d6       100%        4
 Iskenderun's Mystic Bla  Conj/Tloc      0%         2d3       100%        4
 Petrify                  Tmut/Erth      0%         N/A       100%        4
 Lee's Rapid Deconstruct  Erth           0%         3d5*      100%        5
 Metabolic Englaciation   Hex/Ice        0%         N/A       100%        5
 Summon Forest            Summ/Tloc      0%         N/A       100%        5
 Statue Form              Tmut/Erth      0%         N/A       100%        6
 Disjunction              Tloc           0%         N/A       100%        8


Dungeon Overview and Level Annotations

Branches:
Dungeon (6/15) Zot: 537    Temple (1/1) D:5 Zot: 569

Altars:
Ashenzari
Elyvilon
Fedhas
Hepliaklqana
Makhleb
Nemelex Xobeh
Qazlal
Ru
Sif Muna
Trog
Wu Jian
Xom
Zin
The Shining One

Annotations:
D:4 2 transporters, hackon's ghost, amateur DsAK


Innate Abilities, Weirdness & Mutations

You passively map a small area around you.
You are easily found by Zot.
You glow in the dark.
You regain HP and MP as you explore.


Message History

The boulder beetle curls into a ball and begins rolling!
You block the gnoll's attack. The gnoll hits you with a +0 halberd.
Unknown command.
You hit the gnoll.
You kill the gnoll!
Makhleb accepts your kill.
You hit the gnoll but do no damage. You barely miss the gnoll bouda.
The gnoll bouda barely misses you. You block the gnoll's attack.
The boulder beetle hits you!!!
Ouch! That really hurt!
* * * LOW HITPOINT WARNING * * *
The boulder beetle stops rolling and uncurls.
You hear a shout! x2
Unknown command.
As you read the scroll of teleportation, it crumbles to dust.
You feel strangely unstable. The gnoll bouda closely misses you.
You block the gnoll's attack. The boulder beetle bites you!
* * * LOW HITPOINT WARNING * * *
Unknown command.
Unknown command.
It was a potion of berserk rage.
A red film seems to cover your vision as you go berserk!
You feel yourself moving faster!
You feel mighty!
The gnoll bouda hits you with a +0 whip.
* * * LOW HITPOINT WARNING * * *
You block the gnoll's attack. You block the boulder beetle's attack.
You barely miss the boulder beetle. You hit the gnoll.
You barely miss the gnoll bouda.
The gnoll bouda calls upon its god to heal the gnoll.
The gnoll's wounds heal themselves!
An orc wizard comes into view. It is wielding a +0 dagger.
The gnoll completely misses you. The boulder beetle barely misses you.
Unknown command.
Unknown command.
Unknown command.
You slash the boulder beetle!
The boulder beetle is lightly wounded.
You hit the gnoll bouda. You slash the gnoll!
The gnoll bouda hits you with a +0 whip.
You die...

#......###............. ,
, #.###### #......# #.###
#.# ##..[...#8...8# , *
#.## #.......#.....#
#..## ##.####.....8... ,
#...#####...###..#.....#
##........###....#8...8#,
* ####....##
##...###.###* , ##...#
#.)@Bs....#, , #####
#..g)g#....# , , ####..#
...o , , * * #..# ..# , ,
* * #..#* ,.* .... , * *
* * * #.### ,..# , , , ,


You could see a boulder beetle, a gnoll bouda, a scorpion, an orc wizard and a
gnoll (swift).

Vanquished Creatures
  2 water moccasins (D:5)
  2 scorpions
  5 hounds
  A jelly (D:5)
  2 orc priests
  2 orc wizards
  A mummy (D:4)
  2 gnolls (D:6)
  6 adders
  A shadow imp (D:5)
  3 worms
  5 dart slugs
  16 orcs
  10 ball pythons
  6 endoplasms
  5 giant cockroaches
  9 hobgoblins
  2 jackals (D:1)
  5 quokkas
  5 bats
  3 frilled lizards
  9 goblins
  2 hobgoblin zombies (D:4)
  3 kobolds
  A kobold zombie (D:4)
  An orc zombie (D:4)
  8 rats
117 creatures vanquished.

Vanquished Creatures (others)
  11 plants
11 creatures vanquished.

Grand Total: 128 creatures vanquished

Notes
Turn   | Place    | Note
-------+----------+-------------------------------------------
     0 | D:1      | Querens the Meteoran Fighter began the quest for the Orb.
     0 | D:1      | Reached XP level 1. HP: 19/19 MP: 2/2
    46 | D:1      | Reached XP level 2. HP: 12/26 MP: 3/3
   110 | D:1      | Reached XP level 3. HP: 31/31 MP: 4/4
   390 | D:1      | Reached XP level 4. HP: 38/40 MP: 5/5
   463 | D:1      | Glimpsed the power of Zot.
   513 | D:1      | Glimpsed the power of Zot.
   553 | D:1      | Glimpsed the power of Zot.
   563 | D:1      | Touched by the power of Zot.
   682 | D:2      | Found a faded altar of an unknown god.
   923 | D:2      | Reached XP level 5. HP: 17/36 MP: 6/6
  1196 | D:3      | Reached XP level 6. HP: 33/48 MP: 7/7
  1735 | D:4      | Reached skill level 5 in Armour
  1752 | D:4      | Found a sparkling altar of Nemelex Xobeh.
  1777 | D:4      | Reached skill level 5 in Shields
  1992 | D:4      | Found a white marble altar of Elyvilon.
  2023 | D:4      | Found a transporter.
  2024 | D:4      | Found a transporter.
  2141 | D:4      | Reached XP level 7. HP: 53/60 MP: 8/8
  2151 | D:4      | Noticed hackon's ghost (amateur DsAK)
  2339 | D:5      | Entered Level 5 of the Dungeon
  2342 | D:5      | Found a staircase to the Ecumenical Temple.
  2352 | Temple   | Entered the Ecumenical Temple
  2363 | Temple   | Became a worshipper of Makhleb the Destroyer
  2442 | D:5      | Found a sacrificial altar of Ru.
  2442 | D:5      | Noticed a water moccasin
  2443 | D:5      | Noticed a water moccasin
  2514 | D:5      | Got the Cyclopedia of the Map
  2599 | D:5      | Killed a water moccasin
  2600 | D:5      | Reached skill level 5 in Fighting
  2600 | D:5      | Reached skill level 1 in Invocations
  2710 | D:5      | Killed a water moccasin
  2711 | D:5      | Reached skill level 5 in Axes
  2711 | D:5      | Reached XP level 8. HP: 7/68 MP: 10/10
  2724 | D:5      | Identified the +1 mace of Ovoy {flame, rC+}
  2984 | D:5      | Glimpsed the power of Zot.
  3001 | D:6      | Found a hazy altar of Hepliaklqana.
  3134 | D:6      | Noticed a boulder beetle
  3140 | D:6      | HP: 2/69 [boulder beetle (15)]
  3143 | D:6      | Slain by a gnoll bouda

Illustrated notes

Levels and vault maps discovered:
D:1:      dpeg_arrival_rooms_a, layout_loops_ring
D:2:      layout_loops_ring, shapermc_ecumenical_altar_notcrosses
D:3:      layout_loops_ring, chequers_serial_rivers_micro_c
D:4:      layout_cave_pods, mainiacjoe_overflow_cross_hatched,
          mainiacjoe_overflow_24_doors, gammafunk_ghost_gnarly_gnolls,
          minmay_mini_ossuary
D:5:      layout_loops_ring, nicolae_ru_awakened_eye, temple_fountains,
          hangedman_decor_slide_cut, serial_bayou_lagoon_b
D:6:      layout_layer_cave, lemuel_coloured_pillars_altar,
          nzn_hepliaklqana_mist_gate, chequers_serial_rivers_marsh,
          minmay_chambers_of_fives
Temple:   eino_temple_lava

Skill      XL: |  1  2  3  4  5  6  7  8 |
---------------+-------------------------+-----
Armour         | 4 5 6 |  6.1
Shields        | 4 5 6 |  6.1
Axes           | 3 4 5 |  5.4
Fighting       | 4 5 |  5.6
Invocations    | 2 3 |  3.0

Action                   |  1- 3 |  4- 6 |  7- 9 || total
-------------------------+-------+-------+-------++-------
Melee: War axe           |    87 |   195 |   124 ||   406
  Use: Scroll            |       |       |     3 ||     3
       Potion            |       |       |     1 ||     1
Armor: Scale mail        |    73 |    94 |    16 ||   183
       Chain mail        |       |       |    71 ||    71
Dodge: Dodged            |    31 |    62 |    48 ||   141
Block: Buckler           |    29 |    43 |    43 ||   115

Table legend: (Time is in decaauts)
 A = Elapsed time spent in this place.
 B = Non-inter-level travel time spent in this place.
 C = Inter-level travel time spent in this place.
 D = Time resting spent in this place.
 E = Time spent auto-exploring this place.
 F = Levels seen in this place.
 G = Mean time per level.
                   A        B        C        D        E       F      G
               +--------+--------+--------+--------+--------+-----+--------+
         Total |   3293 |   3068 |    225 |      0 |      0 |   7 |  470.4 |
       Dungeon |   3262 |   3037 |    225 |      0 |      0 |   6 |  543.7 |
        Temple |     30 |     30 |      0 |      0 |      0 |   1 |   30.0 |
               +--------+--------+--------+--------+--------+-----+--------+

Top non-repeatable levels by time:
     D:4: 676 daAuts
     D:5: 664 daAuts
     D:3: 645 daAuts
     D:1: 601 daAuts
     D:2: 528 daAuts
     D:6: 145 daAuts
  Temple: 30 daAuts
